Map: Apotheosis LE

Players

Belacqua

  • Race: Terran Terran
  • Spawn Location: 11:00

Fropez - Winner!

  • Race: Protoss Protoss
  • League: Gold
  • Spawn Location: 5:00

VOD

Have the link to the VOD?

Description

Time

  • Played on: Nov. 14, 2016, 2:29 p.m.
  • Length: 10:43
Show
View Real Time Build Order
Export as new Build Order

Belacqua Terran 

Build Orders: Liberator Opening, MMM Bio 

Get SALT Encoding   

  12  0:01  SCV  
  13  0:14  SCV  
  14  0:18  Supply Depot  
  14  0:26  Refinery  
  14  0:28  SCV  
  15  0:40  SCV  
  16  0:47  Barracks  
  16  0:52  SCV  
  17  1:05  SCV  
  18  1:17  SCV  
  19  1:36  Supply Depot  
  19  1:37  Orbital Command  
  19  1:41  Refinery  
  19  1:48  Factory  
  19  1:55  Reaper  
  20  2:02  SCV  
  21  2:24  SCV, Command Center  
  22  2:39  SCV  
  22  2:42  Factory Reactor  
  22  2:43  Starport  
  23  3:00  SCV  
  23  3:02  Bunker  
  23  3:03  Barracks Reactor  
  23  3:13  SCV  
  24  3:25  SCV  
  24  3:26  Barracks  
  25  3:32  Liberator  
  25  3:39  Marine x2, Bunker  
  27  3:42  SCV  
  27  3:45  Engineering Bay  
  31  4:00  Marine x2  
  33  4:03  Medivac  
  35  4:14  Supply Depot  
  35  4:15  SCV  
  36  4:18  Orbital Command  
  36  4:21  Barracks Reactor  
  36  4:24  Barracks  
  36  4:25  Barracks  
  32  4:58  Marine x2  
  32  4:59  Marine x2  
  36  5:11  Terran Infantry Weapons Level 1  
  36  5:16  Marine x2  
  36  5:20  Barracks Tech Lab  
  39  5:24  Barracks Reactor  
  38  5:39  Marine x3  
  38  5:40  Marine  
  42  5:44  SCV x2  
  44  5:51  Supply Depot  
  44  5:52  Supply Depot  
  44  5:54  Marine  
  44  5:56  Stimpack  
  45  5:57  Medivac  
  47  6:10  SCV x2  
  49  6:22  SCV  
  49  6:24  Supply Depot  
  50  6:26  SCV  
  50  6:28  Marine  
  50  6:29  Marine x2  
  50  6:32  Marauder  
  56  6:34  SCV  
  55  6:42  SCV  
  55  6:45  Marine x3  
  55  6:46  SCV, Liberator  
  60  6:52  Marine x3  
  63  6:54  SCV  
  64  7:08  SCV x2, Refinery  
  68  7:09  Refinery  
  69  7:17  Missile Turret  
  69  7:18  Missile Turret  
  69  7:20  SCV x2  
  71  7:24  Medivac  
  73  7:40  SCV x2  
  75  7:51  Marine, Marauder  
  77  7:52  Command Center  
  77  7:56  Combat Shields  
  78  8:06  Supply Depot  
  78  8:28  Marine x7, SCV  
  78  8:30  Terran Infantry Armor Level 1  
  78  8:33  Engineering Bay  
  86  8:46  Liberator  
  86  9:03  Marine x3, Medivac  
  86  9:05  Supply Depot  
  79  9:20  Liberator  
  79  9:23  Marine x5  
  79  9:24  Marine x2  
  62  9:32  SCV  
  65  9:41  Marine x2  
  58  10:08  Marine x5  
  58  10:09  Marine  
  49  10:18  Marine  
  50  10:21  SCV  
Show
View Real Time Build Order
Export as new Build Order

Fropez Protoss - Winner!

Build Orders:  

Get SALT Encoding   

  12  0:01  Probe (Chrono Boost)  
  13  0:11  Probe (Chrono Boost)  
  14  0:20  Pylon  
  14  0:22  Probe (Chrono Boost)  
  15  0:33  Assimilator  
  15  0:39  Probe (Chrono Boost)  
  16  0:45  Gateway  
  16  0:49  Probe (Chrono Boost)  
  17  1:00  Probe (Chrono Boost)  
  17  1:03  Gateway  
  18  1:10  Probe (Chrono Boost)  
  19  1:21  Probe (Chrono Boost), Assimilator  
  20  1:34  Pylon  
  20  1:35  Cybernetics Core  
  20  1:37  Probe (Chrono Boost)  
  21  1:47  Probe (Chrono Boost)  
  22  2:09  Nexus  
  22  2:15  Mothership Core (Chrono Boost)  
  24  2:18  Warp Gate (Chrono Boost)  
  24  2:25  Adept  
  26  2:31  Adept  
  27  2:43  Probe (Chrono Boost)  
  27  2:44  Pylon  
  28  2:52  Adept  
  30  3:03  Twilight Council, Probe (Chrono Boost)  
  31  3:14  Probe (Chrono Boost)  
  32  3:20  Pylon  
  32  3:24  Probe  
  32  3:25  Probe  
  34  3:37  Pylon, Probe  
  34  3:39  Probe  
  36  3:47  Resonating Glaives (Chrono Boost)  
  36  3:57  Gateway  
  36  4:03  Gateway  
  36  4:04  Probe  
  36  4:05  Probe  
  38  4:20  Stalker  
  38  4:21  Stalker  
  42  4:47  Adept x2  
  40  4:59  Pylon  
  40  5:02  Pylon  
  40  5:07  Forge  
  40  5:09  Stalker x2  
  44  5:17  Probe  
  44  5:19  Probe  
  46  5:28  Blink (Chrono Boost)  
  46  5:29  Stalker x2  
  46  5:31  Probe  
  51  5:42  Robotics Facility  
  51  5:45  Pylon  
  51  5:49  Probe, Gateway  
  51  5:50  Pylon, Probe  
  53  6:00  Probe, Protoss Ground Weapons Level 1 (Chrono Boost)  
  53  6:02  Stalker  
  56  6:05  Probe  
  56  6:08  Assimilator  
  57  6:20  Probe  
  57  6:21  Probe  
  55  6:48  Adept x4  
  55  6:52  Observer  
  64  6:58  Adept, Probe  
  64  6:59  Probe  
  68  7:08  Probe, Gateway  
  68  7:11  Probe, Gateway  
  68  7:12  Gateway  
  68  7:14  Adept x4  
  78  7:19  Probe  
  83  7:22  Immortal  
  83  7:43  Protoss Ground Weapons Level 2 (Chrono Boost)  
  83  7:46  Assimilator  
  83  7:47  Stalker x5  
  93  8:14  Robotics Facility  
  93  8:15  Photon Cannon  
  93  8:21  Immortal  
  97  8:31  Pylon  
  97  8:32  Photon Cannon  
  97  8:36  Pylon  
  97  8:38  Adept x2  
  97  8:39  Pylon  
  101  8:50  Photon Cannon  
  101  8:52  Stalker x2  
  101  8:53  Stalker x2  
  109  9:00  Immortal  
  113  9:04  Probe  
  113  9:05  Probe  
  109  9:32  Adept x4  
  109  9:33  Adept x4  
  125  9:45  Photon Cannon  
  125  9:55  Photon Cannon  
  123  10:13  Stalker  
  123  10:14  Stalker x5  
Tags
 
Composition
MMM Bio
League
Gold
Matchup
PvT
Replay Pack
All Mines
Spawn Locations
Cross Positions
Add a new tag
Caveats
  • Supply blocks, unpowered buildings, or Contaminate may cause inaccurate times.
  • Supply counts are checked every 10 seconds.